AoeStats
← bullseyes

African Clearing

506050703Analyzed
4v4 RM · 21d ago on Sep 12, 2026· 41m 44s· 8 players
Game mode
Random Map
Map size
Large (8 player)
Population
200
Speed
Normal
Resources
Standard
Victory
Conquest
Starting age
Dark Age
Ending age
Imperial Age
RankedLock teamsTeams togetherTeam positionsShared explorationLock speedFull tech treeHidden civsTurbo modeCheats
Victory
Defeat
🇲🇽 Spanish · Mexico
1876
+9
🇹🇼 Slavs · Taiwan
1696
+16
🇧🇪 Burmese · Belgium
1552
+22
🇨🇳 Persians · China
1526
+22
🇨🇦 Jurchens · Canada
1775
-21
🇪🇨 Bulgarians · Ecuador
1686
-17
🇺🇸 Romans · United States
1667
-16
🇲🇽 Celts · Mexico
1637
-15
SimmaHem7912
13:35 Feudal Age
13:30 Loom
14:16 Double-Bit Axe
17:04 Castle Age
17:14 Loom
18:04 Bow Saw
19:42 Wheelbarrow
23:02 Horse Collar
23:47 Town Watch
28:09 Gold Mining
28:52 Ballistics
30:39 Stone Mining
35:48 Imperial Age
33:37 Hand Cart
34:36 Town Patrol
35:11 Fletching
37:08 Siege Engineers
38:24 Masonry
39:29 Bodkin Arrow
40:00 Conscription
41:08 Forging
JunkDogJoe
10:22 Loom
12:58 Feudal Age
17:00 Castle Age
15:09 Double-Bit Axe
15:47 Scale Barding Armor
15:53 Gold Mining
17:11 Bloodlines
18:02 Bow Saw
23:00 Horse Collar
28:18 Wheelbarrow
35:55 Heavy Plow
bryjet06
6:25 Loom
14:13 Feudal Age
17:54 Castle Age
17:50 Horse Collar
18:55 Double-Bit Axe
22:43 Scale Barding Armor
31:53 Chain Barding Armor
34:09 Pikeman
35:06 Bow Saw
35:31 Fletching
36:21 Bodkin Arrow
AnTeK
3:47 Loom
13:15 Feudal Age
17:24 Castle Age
16:02 Double-Bit Axe
21:32 Husbandry
22:44 Bloodlines
23:57 Sanctity
33:30 Town Watch
35:51 Wheelbarrow
38:24 Fletching
39:11 Hand Cart
39:17 Bodkin Arrow
41:10 Bloodlines
hK | Eren
11:16 Loom
13:42 Feudal Age
15:08 Double-Bit Axe
18:06 Castle Age
16:16 Stone Mining
16:17 Gold Mining
19:19 Bow Saw
19:12 Padded Archer Armor
25:59 Husbandry
32:31 Wheelbarrow
31:41 Town Watch
32:25 Bloodlines
36:31 Imperial Age
34:33 Hand Cart
34:00 Horse Collar
36:36 Masonry
36:06 Light Cavalry
36:54 Scale Barding Armor
36:59 Forging
36:51 Elite Conquistador
37:52 Conscription
37:49 Heavy Plow
38:51 Two-Man Saw
38:12 Cavalier
39:13 Chain Barding Armor
39:28 Iron Casting
39:35 Stone Shaft Mining
39:41 Paladin
DDDDD
11:41 Feudal Age
12:15 Double-Bit Axe
13:36 Loom
14:21 Scale Barding Armor
14:40 Horse Collar
16:37 Forging
19:59 Wheelbarrow
22:58 Castle Age
21:12 Gold Mining
21:46 Bloodlines
23:09 Light Cavalry
23:49 Husbandry
24:10 Chain Barding Armor
24:01 Bow Saw
24:51 Iron Casting
24:25 Stone Mining
25:19 Heavy Plow
31:09 Fletching
32:03 Detinets
36:57 Hand Cart
40:17 Imperial Age
38:24 Gold Shaft Mining
39:11 Murder Holes
39:37 Ballistics
41:23 Conscription
41:40 Plate Barding Armor
42:05 Blast Furnace
NorthOrigin
11:19 Loom
13:41 Feudal Age
17:28 Castle Age
15:32 Double-Bit Axe
15:58 Fletching
18:08 Bow Saw
17:56 Gold Mining
19:38 Bodkin Arrow
25:03 Parthian Tactics
27:10 Wheelbarrow
31:16 Scale Barding Armor
31:54 Bloodlines
31:45 Husbandry
33:08 Town Watch
34:02 Stone Mining
37:39 Imperial Age
36:01 Chain Barding Armor
36:53 Forging
37:23 Cavalier
38:55 Plate Barding Armor
38:58 Gold Shaft Mining
38:25 Horse Collar
38:45 Savar
40:27 Iron Casting
42:29 Conscription
bullseyes
13:03 Feudal Age
13:54 Loom
17:06 Castle Age
16:02 Loom
17:55 Town Watch
18:27 Horse Collar
28:42 Wheelbarrow
28:00 Fletching
31:27 Hand Cart
36:00 Imperial Age
34:12 Bloodlines
34:02 Husbandry
35:02 Heavy Plow
37:40 Cavalier
39:16 Scale Barding Armor
41:02 Chain Barding Armor
40:53 Forging
42:13 Husbandry
Connection lost

Rejoining the realm…

Still unreachable

The connection could not be restored.

Session expired

The server has moved on; the page needs a fresh start.